 Dungeon Crawl Stone Soup version 0.31-a0-618-g7ca08c1ff9 (webtiles) character file.

Game seed: 1315504729404472718

51 spiderkeys the Ruffian (level 3, -3/24 HPs)
             Began as an Octopode Shapeshifter on Aug 22, 2023.
             Slain by a goblin
             ... wielding a +0 dagger
             ... led by Robin
              (5 damage)
             ... on level 2 of the Dungeon.
             The game lasted 00:01:39 (1409 turns).

spiderkeys the Ruffian (Octopode Shapeshifter)      Turns: 1409, Time: 00:01:40

Health: -3/24      AC:  1    Str: 16    XL:     3   Next: 81%
Magic:  3/3        EV: 13    Int: 10    God:
Gold:   122        SH:  0    Dex: 12    Spells: 2/2 levels left

rFire   . .          .
                       - Unarmed
rCold   . . .        (no shield)
rNeg    . . .        (helmet currently unavailable)
rPois   .            (no amulet)
rElec   .            (no ring)
rCorr   .            (no ring)
SInv    .            (no ring)
Will    .....        (no ring)
Stlth   ++           (no ring)
HPRegen 0.24/turn    (no ring)
MPRegen 0.08/turn    (no ring)
                     (no ring)

%: no passive effects
@: beast-form
A: beast (slay +1), almost no armour, amphibious, 8 rings, camouflage 1,
gelatinous body 1, (nimble swimmer 1), tentacles
a: Begin Untransformation


You were on level 2 of the Dungeon.
You were a hulking beast.
You visited 1 branch of the dungeon, and saw 3 of its levels.

You collected 122 gold pieces.


Innate Abilities, Weirdness & Mutations

You are a hulking beast.
Your limbs bulge with bestial killing power. (Slay +1)
You cannot wear most types of armour.
You are amphibious.
You can wear up to eight rings at the same time.
Your skin changes colour to match your surroundings (Stealth+).
Your rubbery body absorbs attacks. (AC +1, EV +1)
((You are camouflaged when in or above water. (Stealth+)))
You have tentacles for arms and can constrict up to eight enemies at once.


   Skills:
 + Level 1.8 Fighting
 + Level 2.6 Dodging
 + Level 3.5 Unarmed Combat
 + Level 3.3 Shapeshifting


You had 2 spell levels left.
You didn't know any spells.
Your spell library contained the following spells:

 Spells                   Type           Power      Damage    Failure   Level
 Magic Dart               Conj           0%         1d3       36%         1
 Call Imp                 Summ           0%         N/A       50%         2
 Searing Ray              Conj           0%         2d4       50%         2
 Ignite Poison            Fire/Tmut/Pois 0%         N/A       75%         3
 Mephitic Cloud           Conj/Pois/Air  0%         N/A       75%         3
 Fulminant Prism          Conj/Hex       0%         3d5       98%         4
 Sticky Flame             Conj/Fire      0%         2d3       98%         4
 Ignition                 Fire           0%         3d3       100%        8

Inventory:

Missiles
 j - 28 stones
Magical Staves
 e - a staff of fire {!a}
   (You found it on level 1 of the Dungeon)
Talismans
 b - a beast talisman (active)
 c - a flux talisman
Wands
 k - a wand of digging (6)
   (You found it on level 2 of the Dungeon)
Scrolls
 d - 3 scrolls of identify {unknown}
 f - 2 scrolls of blinking {unknown}
 h - a scroll of silence {unknown}
 l - 2 scrolls of enchant weapon {unknown}
 m - a scroll of teleportation {unknown}
 p - a scroll of vulnerability {unknown}
Potions
 a - a potion of lignification {!q}
 g - 2 potions of might {unknown}
 i - a potion of magic {unknown}
 n - a potion of berserk rage {unknown}
 o - a potion of curing {unknown}

Dungeon Overview and Level Annotations

Branches:
Dungeon (3/15) Zot: 16593

Altars:

Annotations:
D:3 Robin

.....##############...##.#.......
####..............).####.#.......
############..................
###########.....########.........
.............##### ##.####....
##..#####..#.....######..#####...
##.......######.........<.......
###.############))....##.######.#
#...#......##..gh#######.# #..#
#.#.#......##.#### #.# #.##
..#.#.......#.# #.# #.#
###.#.........## ##.# #.#
###.####.###...## #..# #.# .##.#
#........### #.## #.# .##.#
###........# #.# #.# .##.#
##.........)#####.# #.#
.##.###..#.............## #.#


You could see a goblin (strong).


Message History

Key pressed, stopping explore.
Key pressed, stopping explore.
There is a stone staircase leading down here.
Done exploring.
Done exploring.
Done exploring.
Done exploring.
There is a stone staircase leading down here.
You climb downwards.
Robin shouts!
The goblin shouts! x4; The hobgoblin shouts!
The goblin shouts!
You hear an angry hiss.
The goblin shouts!
You hear an angry hiss.
Found a potion of lignification.
Found a stone staircase leading down.
There is a stone staircase leading up here.
There are monsters nearby!
There are monsters nearby!
The goblin shouts!
You hear a shout!
Robin throws the goblin at you!
A goblin comes into view. It is wielding a +0 club. 😕 HP[-3]
You take 3 damage, and now have 21/24 hp.
The goblin falls through a shaft!
The shaft crumbles and collapses.
A goblin comes into view. It is wielding a +0 dagger.
The goblin hits you but does no damage. The goblin completely misses you.
You climb upwards.
There is a stone staircase leading down here. 😕 HP[+1]
You closely miss the goblin. You grab the goblin. You constrict the goblin.
The goblin closely misses you. x2
You tentacle-slap the goblin.
You kill the goblin!
The goblin hits you with a +0 dagger. 😕 HP[-3]
You take 3 damage, and now have 19/24 hp.
You completely miss the goblin. You grab the goblin. You constrict the goblin.
The goblin closely misses you.
You tentacle-slap the goblin.
You kill the goblin! 😕 HP[+1] No target in view!
You start resting. 😎 HP[+4]
Your hp is fully restored (24).
You climb downwards.
Level annotation: Robin The goblin barely misses you.
The hobgoblin hits you. The goblin hits you but does no damage.
The goblin unwields a +0 club.
The goblin wields a +0 sling.
The goblin shoots a sling bullet.
The sling bullet barely misses you.
The sling bullet barely misses the hobgoblin.
The goblin hits you with a +0 dagger. Robin throws the goblin at you!
There is a stone staircase leading up here. 😕 HP[-5]
You take 5 damage, and now have 19/24 hp.
MASSIVE DAMAGE!! (PAUSE)
The goblin barely misses you. The hobgoblin closely misses you.
The goblin hits you but does no damage.
Robin roars a battlecry!
The goblins go into a battle-frenzy!
The goblin barely misses you.
You climb upwards.
There is a stone staircase leading down here. 😕 HP[+1]
You bludgeon the goblin!
You kill the goblin!
The goblin hits you with a +0 dagger. The hobgoblin misses you. 😮 HP[-3]
You take 3 damage, and now have 17/24 hp.
You are too injured to fight recklessly!
You tentacle-slap the hobgoblin. You grab the hobgoblin.
You constrict the hobgoblin.
You kill the hobgoblin!
The goblin hits you with a +0 dagger.
* * * LOW HITPOINT WARNING * * *
The goblin misses you. 😨 HP[-6]
You take 6 damage, and now have 11/24 hp.
MASSIVE DAMAGE!! (PAUSE)
You tentacle-slap the goblin. You grab the goblin. You constrict the goblin.
The goblin closely misses you. The goblin hits you with a +0 dagger.
* * * LOW HITPOINT WARNING * * *
The goblin hits you but does no damage. 😨 HP[-3]
You take 3 damage, and now have 8/24 hp.
You completely miss the goblin. Your grab misses the goblin.
You constrict the goblin.
You kill the goblin!
The goblin hits you with a +0 dagger.
* * * LOW HITPOINT WARNING * * *
The goblin hits you with a +0 dagger.
* * * LOW HITPOINT WARNING * * *
😱 HP[-6]
You take 6 damage, and now have 2/24 hp.
MASSIVE DAMAGE!! (PAUSE)
You tentacle-slap the goblin.
You kill the goblin!
The goblin hits you but does no damage.
You tentacle-slap the goblin. Your grab misses the goblin.
The goblin hits you with a +0 dagger.
You die...

Action                     || total
---------------------------++-------
  Melee: Unarmed           ||    68
         Constrict         ||    16
         Tentacles         ||     8
         Punch             ||     2
   Stab: Sleeping          ||     6
 Armour: Skin              ||    11
  Dodge: Dodged            ||    46

Levels and vault maps discovered:
D:1:      heliophobic_arrival_glass_houses, layout_loops_ring,
          ebering_ecumenical_altar_sacrificial
D:2:      layout_rooms, minmay_pentomino_r4
D:3:      layout_loops_ring, mainiacjoe_overflow_catch_the_wave,
          minmay_randomly_rotated_circles, uniq_robin, uniq_natasha,
          uniq_grinder, uniq_terence, uniq_jessica

Notes
Turn   | Place    | Note
-------+----------+-------------------------------------------
     0 | D:1      | spiderkeys the Octopode Shapeshifter began the quest for
                  | the Orb.
     0 | D:1      | Reached XP level 1. HP: 13/13 MP: 1/1
     0 | D:1      | magus.rc [v1.11.6]
   226 | D:1      | Reached XP level 2. HP: 10/18 MP: 2/2
   713 | D:1      | Found a faded altar of an unknown god.
   919 | D:2      | Reached XP level 3. HP: 17/23 MP: 3/3
  1059 | D:2      | You add the spells Magic Dart, Searing Ray and Fulminant
                  | Prism to your library.
  1259 | D:2      | You add the spells Ignite Poison, Sticky Flame and Ignition
                  | to your library.
  1283 | D:2      | You add the spells Call Imp and Mephitic Cloud to your
                  | library.
  1374 | D:3      | Noticed Robin
  1407 | D:2      | HP: 4/24 [goblin/+0 dagger[Robin] (4)]
  1409 | D:2      | Slain by a goblin

Vanquished Creatures
  An adder (D:2)
  2 dart slugs
  2 ball pythons
  An endoplasm (D:1)
  A giant cockroach (D:1)
  9 goblins
  5 hobgoblins
  A quokka (D:1)
  3 bats
  4 frilled lizards
  2 kobolds
  4 rats
35 creatures vanquished.

Table legend:
 A = Non-vault XP
 B = Vault XP
 C = Vault XP percentage of total XP
 D = Non-vault monster count
 E = Vault monster count
 F = Vault count percentage of total count
                 A         B        C        D         E       F
            +---------+---------+-------+---------+---------+-------
      Total |      59 |      14 |  19.2 |      27 |       8 |  22.9
            +---------+---------+-------+---------+---------+-------
        D:1 |      29 |       0 |   0.0 |      18 |       0 |   0.0
        D:2 |      30 |      14 |  31.8 |       9 |       8 |  47.1
            +---------+---------+-------+---------+---------+-------

Action                     || total
---------------------------++-------
  Melee: Unarmed           ||    68
         Constrict         ||    16
         Tentacles         ||     8
         Punch             ||     2
   Stab: Sleeping          ||     6
 Armour: Skin              ||    11
  Dodge: Dodged            ||    46

Illustrated notes

Table legend:
 A = Kills in this place as a percentage of kills in the entire game.
 B = Kills by you in this place as a percentage of kills by you in the entire game.
 C = Kills by friends in this place as a percentage of kills by friends in the entire game.
 D = Other kills in this place as a percentage of other kills in the entire game.
 E = Experience gained in this place as a percentage of experience gained in the entire game.
 F = Experience gained in this place divided by the number of levels of this place that you have seen.
                   A       B       C       D       E      F
               +-------+-------+-------+-------+-------+----------------------
         Total | 100.0 | 100.0 |   N/A |   N/A | 100.0 |  24.3
       Dungeon | 100.0 | 100.0 |   N/A |   N/A | 100.0 |  24.3
               +-------+-------+-------+-------+-------+----------------------

Table legend: (Time is in decaauts)
 A = Elapsed time spent in this place.
 B = Non-inter-level travel time spent in this place.
 C = Inter-level travel time spent in this place.
 D = Time resting spent in this place.
 E = Time spent auto-exploring this place.
 F = Levels seen in this place.
 G = Mean time per level.
                   A        B        C        D        E       F      G
               +--------+--------+--------+--------+--------+-----+--------+
         Total |   1405 |   1313 |     92 |     17 |   1111 |   3 |  468.3 |
       Dungeon |   1405 |   1313 |     92 |     17 |   1111 |   3 |  468.3 |
               +--------+--------+--------+--------+--------+-----+--------+

Top non-repeatable levels by time:
     D:1: 825 daAuts
     D:2: 573 daAuts
     D:3: 6 daAuts
